 Dungeon Crawl Stone Soup version 0.29.1-13-g9f3cf754e1 (webtiles) character file.

Game seed: 15117271316599218665

2 smeethan the Chiller (level 1, -2/10 HPs)
             Began as a Gargoyle Ice Elementalist on Jan 21, 2023.
             Slain by an adder (3 damage)
             ... on level 2 of the Dungeon.
             The game lasted 00:07:03 (206 turns).

smeethan the Chiller (Gargoyle Ice Elementalist)     Turns: 206, Time: 00:07:04

Health: -2/10      AC:  4    Str: 11    XL:     1   Next: 30%
Magic:  3/3        EV: 11    Int: 15    God:
Gold:   8          SH:  0    Dex: 10    Spells: 3/4 levels left

rFire   . . .      SeeInvis .   c - +0 mace
rCold   . . .      Faith    .   (no shield)
rNeg    + . .      Spirit   .   a - +0 robe
rPois   ∞          Reflect  .   (no helmet)
rElec   +          Harm     .   (no cloak)
rCorr   .          Rampage  .   (no gloves)
Will    .....                   (no boots)
Stlth   ++........              (no amulet)
HPRegen 0.03/turn               (no ring)
MPRegen 0.08/turn               (no ring)

@: no status effects
A: sickness immunity, AC +2, negative energy resistance 1, electricity
resistance, torment resistance 1, petrification resistance
a: no special abilities


You were on level 2 of the Dungeon.
You visited 1 branch of the dungeon, and saw 2 of its levels.

You collected 8 gold pieces.

Inventory:

Hand Weapons
 c - a +0 mace (weapon)
Armour
 a - a +0 robe (worn)
Scrolls
 f - a scroll of brand weapon {unknown}
Potions
 b - a potion of magic
 d - a potion of berserk rage {unknown}
 e - a potion of degeneration {unknown}


   Skills:
 + Level 0.4 Maces & Flails
 + Level 1.5 Dodging
 + Level 2.1 Stealth
 + Level 2.0 Spellcasting
 + Level 4.0 Ice Magic


You had 3 spell levels left.
You knew the following spells:

 Your Spells              Type           Power      Damage    Failure   Level
a - Freeze                Ice            52%        1d7       4%          1

Your spell library contained the following spells:

 Spells                   Type           Power      Damage    Failure   Level
 Frozen Ramparts          Ice            26%        1d4       13%         3
 Ozocubu's Armour         Ice            13%        N/A       13%         3
 Hailstorm                Conj/Ice       7%         3d4       67%         4


Dungeon Overview and Level Annotations

Branches:
Dungeon (2/15)

Altars:


Innate Abilities, Weirdness & Mutations

You are immune to sickness and miasma.
Your stone body is resilient. (AC +2)
You are immune to poison.
You resist negative energy. (rN+)
You are resistant to electric shocks. (rElec)
You are resistant to unholy torment.
You are immune to petrification.


Message History

The giant cockroach closely misses you.
The giant cockroach bites you but does no damage.
You hit the giant cockroach but do no damage.
The giant cockroach is severely wounded.
The giant cockroach barely misses you.
The giant cockroach bites you but does no damage.
You thump the giant cockroach!
You kill the giant cockroach!
No target in view!
You see here a giant cockroach corpse.
You see here a giant cockroach corpse.
Found a metallic silvery potion.
d - a metallic silvery potion
There is a stone staircase leading down here.
You climb downwards.
Found a bubbling orange potion.
There is a stone staircase leading up here.
You can't go down here!
e - a bubbling orange potion
Found a scroll labelled BIUTHEEPT VESK.
Found 2 boomerangs.
Found a scroll labelled PICEYWN NOSAPO.
f - a scroll labelled BIUTHEEPT VESK An adder comes into view.
The adder hisses angrily.
Found an escape hatch in the ceiling.
The adder bites you.
You closely miss the adder. The adder bites you. x2
* * * LOW HITPOINT WARNING * * *
You miss the adder. The adder bites you.
* * * LOW HITPOINT WARNING * * *
The adder closely misses you.
You hit the adder but do no damage. The adder barely misses you.
The adder closely misses you.
You closely miss the adder. The adder misses you.
The adder bites you but does no damage.
You hit the adder.
The adder is moderately wounded.
The adder bites you.
You die...

..# ###.#.#######.# ..
..........<#.#+### ... #
#..#.......#.....#
#...#. ..#.#...........#
#...#.##...+...........#
#.......<..#...........#
#...#.#.####....S(.....#
# #.....##....@......#
###.#.##...........#
#.#.##...........#
#.#.#............#
#.....#....#.....#
###...#....#.....#
#...#....#.....#
....##....#.....#
###..#.............


You could see an adder.

Vanquished Creatures
  A giant cockroach (D:1)
  A frilled lizard (D:1)
2 creatures vanquished.

Notes
Turn   | Place    | Note
-------+----------+-------------------------------------------
     0 | D:1      | smeethan the Gargoyle Ice Elementalist began the quest for
                  | the Orb.
     0 | D:1      | Reached XP level 1. HP: 10/10 MP: 3/3
   114 | D:1      | Found a faded altar of an unknown god.
   206 | D:2      | Slain by an adder

Illustrated notes

Levels and vault maps discovered:
D:1:      nagdon_arrival_double_spiral, layout_loops_ring,
          chequers_ecumenical_altar_simple, minmay_misc_feat_columns
D:2:      layout_basic, serial_shops, nicolae_shop_hallway_plus, uniq_robin

Action                   || total
-------------------------++-------
Melee: Mace              ||    11
  Use: Scroll            ||     1
Armor: Robe              ||     4
Dodge: Dodged            ||    10
